 Dungeon Crawl Stone Soup version 0.29.1-1-gd02db6906a (webtiles) character file.

Game seed: 15446265760194679850

80 Demigod47 the Covered (level 4, -2/60 HPs)
             Began as a Minotaur Fighter on Oct 6, 2022.
             Was a High Priest of Ignis.
             Slain by a gnoll
             ... wielding a +0 flail
              (5 damage)
             ... on level 2 of the Dungeon.
             The game lasted 00:07:15 (1534 turns).

Demigod47 the Covered (Minotaur Fighter)            Turns: 1534, Time: 00:07:16

Health: -2/60      AC:  7    Str: 23    XL:     4   Next: 18%
Magic:  3/3        EV:  9    Int:  5    God:    Ignis [*****.]
Gold:   91         SH:  4    Dex:  9    Spells: 3/3 levels left

rFire   + . .      SeeInvis .   a - +0 war axe
rCold   . . .      Faith    .   c - +0 buckler
rNeg    . . .      Spirit   .   b - +0 scale mail
rPois   .          Reflect  .   (helmet restricted)
rElec   .          Harm     .   (no cloak)
rCorr   .          Rampage  .   (no gloves)
Will    .....                   (no boots)
Stlth   ..........              (no amulet)
HPRegen 0.20/turn               (no ring)
MPRegen 0.08/turn               (no ring)

@: mighty, berserking (expiring), very quick
A: horns 2, retaliatory headbutt
a: Renounce Religion, Fiery Armour, Foxfire Swarm, Rising Flame


You were on level 2 of the Dungeon.
You worshipped Ignis.
Ignis was extremely pleased with you.
You visited 1 branch of the dungeon, and saw 2 of its levels.

You collected 91 gold pieces.

Inventory:

Hand Weapons
 a - a +0 war axe (weapon)
 k - a +0 club
 l - a +0 hand axe
 n - a +0 whip
 o - a +0 club
 p - a +0 sling
 q - a +0 club
 s - a +0 club
 t - a +0 dagger
 u - a +2 dagger of protection
 v - a +0 club
 x - a +0 club
 y - a +0 short sword
 C - a +0 club
 D - a +0 dagger
 G - a +0 dagger
Missiles
 e - 14 stones
 B - 3 javelins (quivered)
 E - 2 atropa-tipped darts
Armour
 b - a +0 scale mail (worn)
 c - a +0 buckler (worn)
 f - a +0 ring mail
 w - a +0 ring mail
Scrolls
 g - 2 scrolls of fog {unknown}
 i - a scroll of identify {unknown}
 j - a scroll of magic mapping {unknown}
 m - a scroll of teleportation {unknown}
 r - a scroll of acquirement {unknown}
 z - 3 scrolls of blinking {unknown}
 F - a scroll of enchant weapon {unknown}
 I - a scroll of amnesia {unknown}
 J - a scroll of noise {unknown}
Potions
 h - 2 potions of heal wounds {unknown}
 A - a potion of curing {unknown}


   Skills:
 + Level 3.9 Fighting
 + Level 3.5 Axes
 + Level 4.5 Armour
 + Level 0.2 Dodging
 + Level 4.4 Shields


You had 3 spell levels left.
You didn't know any spells.
Your spell library contained the following spells:

 Spells                   Type           Power      Damage    Failure   Level
 Corpse Rot               Necr/Pois/Air  0%         N/A       100%        4
 Dispel Undead            Necr           0%         3d6       100%        4
 Death Channel            Necr           0%         N/A       100%        6


Dungeon Overview and Level Annotations

Branches:
Dungeon (2/15)

Altars:
Ignis

Annotations:
D:2 1 runed translucent door, Crazy Yiuf


Innate Abilities, Weirdness & Mutations

You have a pair of horns on your head.
You reflexively headbutt those who attack you in melee.


Message History

You have reached level 4!
You feel stronger.
You feel very mighty all of a sudden. The gnoll hits you with a +0 flail.
* * * LOW HITPOINT WARNING * * *
The gnoll barely misses you. x2
You slash the gnoll!
You kill the gnoll!
You slash the gnoll!
You hear a shout!
The gnoll barely misses you.
A gnoll comes into view. It is wielding a +0 whip.
The gnoll hits you but does no damage.
A gnoll comes into view. It is wielding a +0 whip.
It was a potion of berserk rage.
A red film seems to cover your vision as you go berserk!
You feel yourself moving faster!
You feel mighty! The gnoll hits you but does no damage.
A gnoll comes into view. It is wielding a +0 club.
You barely miss the gnoll.
The gnoll is severely wounded.
The gnoll throws a throwing net.
The throwing net hits you.
You become entangled in the net!
The gnoll hits you but does no damage.
You struggle against the net.
The gnoll hits you from afar with a +0 spear.
* * * LOW HITPOINT WARNING * * *
The gnoll hits you with a +0 whip.
* * * LOW HITPOINT WARNING * * *
The gnoll hits you with a +0 flail.
* * * LOW HITPOINT WARNING * * *
Okay, then.
You are too berserk!
You are too berserk!
You tear a large gash into the net.
You feel a strong urge to attack something.
You rip the net and break free!
The gnoll hits you from afar with a +0 spear.
* * * LOW HITPOINT WARNING * * *
The gnoll closely misses you. The gnoll hits you with a +0 flail.
You die...

# ########
###......<#
# #.#.#..##
# #.#.##.#
#.#.##.#
#.##.# #
#.##.#.#
#.##.#.#
#g#....#
#@gg.#
###gg# #..#
#.... #####
#..#..#
....#
(g.#....
..#†# #(..
#### ###.#
##..
###.####
#.#


You could see 5 gnolls.

Vanquished Creatures
  2 gnolls (D:2)
  2 adders (D:2)
  A worm (D:2)
  2 dart slugs (D:1)
  5 ball pythons
  3 bats
  4 endoplasms
  5 goblins
  A hobgoblin (D:1)
  A quokka (D:1)
  A frilled lizard (D:2)
  4 kobolds
  5 rats
36 creatures vanquished.

Vanquished Creatures (others)
  2 fungi (D:2)
2 creatures vanquished.

Grand Total: 38 creatures vanquished

Notes
Turn   | Place    | Note
-------+----------+-------------------------------------------
     0 | D:1      | Demigod47 the Minotaur Fighter began the quest for the Orb.
     0 | D:1      | Reached XP level 1. HP: 19/19 MP: 0/0
   142 | D:1      | Found a faded altar of an unknown god.
   146 | D:1      | Prayed at the altar of an unknown god.
   146 | D:1      | Became a worshipper of Ignis, the Dying Flame
   275 | D:1      | Reached XP level 2. HP: 25/27 MP: 1/1
   776 | D:2      | Reached XP level 3. HP: 32/33 MP: 2/2
  1396 | D:2      | Found a runed translucent door.
  1397 | D:2      | Noticed Crazy Yiuf
  1528 | D:2      | Reached XP level 4. HP: 11/40 MP: 3/3
  1534 | D:2      | HP: 3/60 [gnoll/+0 spear (1)]
  1534 | D:2      | Slain by a gnoll

Illustrated notes

Levels and vault maps discovered:
D:1:      wander_arrival_estate, layout_rooms,
          shapermc_ecumenical_altar_mp_vishouse
D:2:      layout_basic, kennysheep_pointless_box, uniq_crazy_yiuf_cottage

Skill      XL: |  1  2  3 |
---------------+----------+-----
Armour         | 4 |  4.5
Shields        | 4 |  4.4
Axes           | 3 |  3.5
Fighting       | |  3.9
Dodging        | |  0.2

Action                   |  1- 3 |  4- 6 || total
-------------------------+-------+-------++-------
Melee: War axe           |    82 |     2 ||    84
       Headbutt          |     6 |       ||     6
Throw: Javelin           |     2 |       ||     2
  Use: Potion            |       |     2 ||     2
Armor: Scale mail        |    45 |     3 ||    48
Dodge: Dodged            |    36 |     4 ||    40
Block: Buckler           |    18 |       ||    18
